 Dungeon Crawl Stone Soup version 0.23-a0-470-g6f7cfd9 (webtiles) character file.

39 Firecrotchwizard the Slasher (level 3, -1/28 HPs)
             Began as a Demonspawn Gladiator on Nov 27, 2018.
             Slain by a worm (6 damage)
             ... on level 2 of the Dungeon.
             The game lasted 00:01:42 (1066 turns).

Firecrotchwizard the Slasher (Demonspawn Gladiator) Turns: 1066, Time: 00:01:43

Health: -1/28      AC:  5    Str: 15    XL:     3   Next: 28%
Magic:  3/3        EV: 13    Int:  9    God:
Gold:   57         SH:  0    Dex: 14    Spells: 2/2 levels left

rFire    . . .     SeeInvis .   a - +0 long sword
rCold    . . .     Gourm    .   (no shield)
rNeg     . . .     Faith    .   b - +0 leather armour
rPois    .         Spirit   .   (helmet restricted)
rElec    .         Reflect  .   (no cloak)
rCorr    .         Harm     .   n - +0 pair of gloves
MR       .....                  k - +0 pair of boots (curse)
Stlth    ++........             (no amulet)
HPRegen  0.09/turn              m - ring of stealth {Stlth+}
MPRegen  0.08/turn              (no ring)

@: no status effects
A: antennae 1
a: no special abilities


You were on level 2 of the Dungeon.
You were not hungry.

You visited 1 branch of the dungeon, and saw 2 of its levels.

You collected 57 gold pieces.

Inventory:

Hand Weapons
 a - a +0 long sword (weapon)
Missiles
 d - 3 throwing nets {=f, !d}
Armour
 b - a +0 leather armour (worn)
 c - a +0 helmet
 k - a cursed +0 pair of boots (worn)
   (You found it on level 1 of the Dungeon)
 n - a +0 pair of gloves (worn)
   (You found it on level 1 of the Dungeon)
 o - a +0 buckler
   (You found it on level 1 of the Dungeon)
Jewellery
 m - a ring of stealth (left hand) {Stlth+}
   (You found it on level 1 of the Dungeon)
Scrolls
 e - a scroll of teleportation {unknown}
 g - a scroll of enchant armour {unknown}
 i - a scroll of random uselessness {unknown}
 l - a scroll of enchant weapon {unknown}
Potions
 j - a potion of degeneration {unknown}
 p - a potion of haste {unknown}
Comestibles
 f - a ration


   Skills:
 + Level 2.5 Fighting
 * Level 3.4 Long Blades
 - Level 1.7 Throwing
 + Level 3.0 Dodging


You had 2 spell levels left.
You didn't know any spells.
Your spell library was empty.

Dungeon Overview and Level Annotations

Branches:
Dungeon (2/15)

Altars:
Nemelex Xobeh


Innate Abilities, Weirdness & Mutations

You have a pair of small antennae on your head.


Message History

You now have 57 gold pieces (gained 13).
You see here a robe.
p - a silvery potion A hobgoblin comes into view.
It is wielding a +0 club.
The hobgoblin shouts!
You see here a scroll labeled SUFUZE XAKHLA.
You hit the hobgoblin. The hobgoblin misses you.
You closely miss the hobgoblin. The hobgoblin barely misses you.
You barely miss the hobgoblin. The hobgoblin completely misses you.
You barely miss the hobgoblin. The hobgoblin closely misses you.
You barely miss the hobgoblin. The hobgoblin hits you with a +0 club.
You take 5 damage, and have 18/23 hp.
MASSIVE DAMAGE!!
You barely miss the hobgoblin. The hobgoblin hits you with a +0 club.
The hobgoblin misses you.
You riposte.
You hit the hobgoblin.
You kill the hobgoblin!
You take 2 damage, and have 16/23 hp.
No target in view!
You start resting.
A kobold comes into view.
Things that are here:
a +0 club; a hobgoblin corpse The kobold hits you.
You take 2 damage, and have 15/23 hp.
You closely miss the kobold. The kobold closely misses you.
You closely miss the kobold. The kobold hits you but does no damage.
The kobold closely misses you.
You riposte.
You closely miss the kobold. You hit the kobold but do no damage.
The kobold closely misses you.
You hit the kobold. The kobold closely misses you.
You hit the kobold but do no damage. The kobold closely misses you.
You riposte.
You barely miss the kobold. You hit the kobold.
You kill the kobold!
No target in view!
You start resting.
Some of the chunks of flesh in your inventory have rotted away.
A kobold comes into view. It is wielding a +0 whip.
You regained 6 hp, and now have 21/23 hp.
Things that are here:
a scroll labeled SUFUZE XAKHLA; a kobold corpse You barely miss the kobold.
The kobold shouts!
You are feeling hungry.
You hear a shout!
The kobold misses you.
You riposte.
You hit the kobold.
You kill the kobold!
You have reached level 3!
Your experience leads to an increase in your attributes!
Increase (S)trength, (I)ntelligence, or (D)exterity?
You feel stronger.
You regained 5 hp, and now have 26/28 hp.
MP restored: 3 Autoeating chunks.
Eating a chunk of flesh {@w0}.
You eat the chunk of flesh {@w0}.
A worm comes into view.
Things that are here:
a +0 whip; a scroll labeled SUFUZE XAKHLA; a kobold corpse A worm is nearby!
An adder and a hobgoblin come into view.
The hobgoblin hits you but does no damage.
You closely miss the hobgoblin. The hobgoblin closely misses you.
You barely miss the hobgoblin. The hobgoblin misses you.
The hobgoblin hits you with a +0 club.
You take 2 damage, and have 24/28 hp.
You hit the hobgoblin. The hobgoblin barely misses you.
You closely miss the hobgoblin. The hobgoblin closely misses you.
You barely miss the hobgoblin. The worm misses you.
You riposte.
You hit the worm but do no damage.
The hobgoblin hits you but does no damage.
You barely miss the hobgoblin. The hobgoblin hits you with a +0 club.
The worm bites you.
You take 6 damage, and have 19/28 hp.
MASSIVE DAMAGE!!
You closely miss the hobgoblin. The hobgoblin closely misses you.
You hit the hobgoblin.
You kill the hobgoblin!
You slash the adder! The adder barely misses you.
The adder bites you but does no damage.
You closely miss the adder. The adder misses you.
You closely miss the adder. The adder bites you but does no damage.
The adder bites you.
You take 1 damage, and have 18/28 hp.
You are too injured to fight recklessly!
You are too injured to fight recklessly!
You are too injured to fight recklessly!
You are too injured to fight recklessly!
You miss the adder. The adder misses you.
You riposte.
You hit the adder but do no damage. You hit the adder.
You kill the adder!
You hit the worm. You hit the worm. The worm bites you!
You take 7 damage, and have 11/28 hp.
MASSIVE DAMAGE!!
You barely miss the worm. The worm bites you.
* * * LOW HITPOINT WARNING * * *
You take 6 damage, and have 5/28 hp.
MASSIVE DAMAGE!!
You slash the worm! The worm bites you.
You die...

#........######
## #.##.##..#
.#####. ####..#
....... ..##..#
.......
#.##?.###...
.....
#.##).......
...
#.##.####...
...#.#.##.##?#
.
.......w@)..#.#
.#.#######.#.##
#.### #.# ...
###


You could see a worm.

Vanquished Creatures
  An adder (D:2)
  An ooze (D:1)
  A dart slug (D:1)
  2 goblins (D:1)
  8 hobgoblins
  A bat (D:1)
  A frilled lizard (D:1)
  4 kobolds
  4 rats
23 creatures vanquished.

Notes
Turn   | Place    | Note
-------+----------+-------------------------------------------
     0 | D:1      | Firecrotchwizard the Demonspawn Gladiator began the quest
                  | for the Orb.
     0 | D:1      | Reached XP level 1. HP: 16/16 MP: 1/1
   274 | D:1      | Reached skill level 3 in Long Blades
   291 | D:1      | Gained mutation: You have a pair of small antennae on your
                  | head. [demonic ancestry]
   291 | D:1      | Reached XP level 2. HP: 22/22 MP: 2/2
   609 | D:1      | Found a sparkling altar of Nemelex Xobeh.
   709 | D:1      | Reached skill level 3 in Dodging
  1044 | D:2      | Reached XP level 3. HP: 26/28 MP: 3/3
  1065 | D:2      | HP: 5/28 [worm (6)]
  1066 | D:2      | Slain by a worm

Vault maps used:
D:1:      ebering_trefoil_3fold, minmay_misc_feat_doors,
          kennysheep_small_spiral, serial_bayou_ford_a,
          nemelex_diamond_rough_becter

Skill      XL: |  1  2 |
---------------+-------+-----
Long Blades    | 3 |  3.4
Dodging        | 3 |  3.0
Fighting       | |  2.5
Throwing       | |  1.7

Action                   || total
-------------------------++-------
Melee: Long sword        ||    74
 Stab: Sleeping          ||     3
  Eat: Chunk             ||     1
Armor: Leather armour    ||    10
Dodge: Dodged            ||    55
       Rpst.: Long sword ||    16

Table legend:
 A = Non-vault XP
 B = Vault XP
 C = Vault XP percentage of total XP
 D = Non-vault monster count
 E = Vault monster count
 F = Vault count percentage of total count
                 A         B        C        D         E       F
            +---------+---------+-------+---------+---------+-------
      Total |      57 |       0 |   0.0 |      23 |       0 |   0.0
            +---------+---------+-------+---------+---------+-------
        D:1 |      35 |       0 |   0.0 |      17 |       0 |   0.0
        D:2 |      22 |       0 |   0.0 |       6 |       0 |   0.0
            +---------+---------+-------+---------+---------+-------

Vault maps used:
D:1:      ebering_trefoil_3fold, minmay_misc_feat_doors,
          kennysheep_small_spiral, serial_bayou_ford_a,
          nemelex_diamond_rough_becter

Table legend:
 A = Turns spent in this place as a percentage of turns spent in the entire game.
 B = Non-inter-level travel turns spent in this place as a percentage of non-inter-level travel turns spent in the entire game.
 C = Inter-level travel turns spent in this place as a percentage of turns spent in this place.
 D = Turns resting spent in this place as a percentage of non-inter-level travel turns spent in this place.
 E = Turns spent auto-exploring this place as a percentage of non-inter-level travel turns spent in this place.
 F = Non-inter-level travel turns spent in this place divided by the number of levels of this place that you've seen.
                   A       B       C       D       E      F
               +-------+-------+-------+-------+-------+----------------------
         Total | 100.0 | 100.0 |   8.7 |  22.2 |  59.5 | 486.5
       Dungeon | 100.0 | 100.0 |   8.7 |  22.2 |  59.5 | 486.5
               +-------+-------+-------+-------+-------+----------------------

Table legend:
 A = Kills in this place as a percentage of kills in entire the game.
 B = Kills by you in this place as a percentage of kills by you in the entire game.
 C = Kills by friends in this place as a percentage of kills by friends in the entire game.
 D = Other kills in this place as a percentage of other kills in the entire game.
 E = Experience gained in this place as a percentage of experience gained in the entire game.
 F = Experience gained in this place divided by the number of levels of this place that you have seen.
                   A       B       C       D       E      F
               +-------+-------+-------+-------+-------+----------------------
         Total | 100.0 | 100.0 |   N/A |   N/A | 100.0 |  28.5
       Dungeon | 100.0 | 100.0 |   N/A |   N/A | 100.0 |  28.5
               +-------+-------+-------+-------+-------+----------------------
